 Dungeon Crawl Stone Soup version 0.21.1-1-g345015f (webtiles) character file.

1491 sking99 the Cleaver (level 8, -12/111 HPs)
             Began as a Hill Orc Monk on July 1, 2018.
             Was a Priest of Beogh.
             Mangled by an orc warrior
             ... wielding a +0 war axe
              (27 damage)
             ... in a bailey.
             The game lasted 00:28:23 (7301 turns).

sking99 the Cleaver (Hill Orc Monk)                 Turns: 7301, Time: 00:28:23

Health: -12/111    AC: 24    Str: 16    XL:     8   Next: 80%
Magic:  5/11       EV:  2    Int: 10    God:    Beogh [***...]
Gold:   417        SH:  0    Dex: 13    Spells: 7/7 levels left

rFire    . . .     SeeInvis .   v - +2 hand axe (holy)
rCold    . . .     Gourm    .   (no shield)
rNeg     + + +     Faith    .   (armour currently unavailable)
rPois    +         Spirit   .   (helmet currently unavailable)
rElec    .         Reflect  .   (cloak currently unavailable)
rCorr    .         Harm     .   (gloves currently unavailable)
MR       .....     NoTele   +   (boots currently unavailable)
Stlth    ++........             (no amulet)
HPRegen  0.28/turn              (no ring)
MPRegen  0.12/turn              (no ring)

@: tree-form
A: no striking features
a: Smiting, Renounce Religion


You were in a bailey.
You worshipped Beogh.
Beogh was most pleased with you.
You were not hungry.
You were a tree.
You visited 1 branch of the dungeon, and saw 7 of its levels.
You also visited: Bailey.

You collected 417 gold pieces.

Inventory:

Hand Weapons
 a - a +0 hand axe
 v - a +2 hand axe of holy wrath (weapon)
 A - a +0 war axe
Missiles
 h - 169 stones
 z - 7 tomahawks of returning (quivered)
Armour
 r - a +0 chain mail (melded)
 y - +0 steam dragon scales
 B - a +0 plate armour
Jewellery
 m - an uncursed amulet of rage
 w - a cursed ring of teleportation {unknown}
Wands
 p - a wand of enslavement (15)
 x - a wand of scattershot (3)
Scrolls
 d - a scroll of magic mapping
 e - a scroll of blinking
 f - 4 scrolls of teleportation
 j - a scroll of remove curse
 l - 2 scrolls of enchant weapon
 u - 3 scrolls of identify
Potions
 b - a potion of mutation
 g - a potion of haste
 i - a potion of agility
 n - 2 potions of cancellation
 o - a potion of curing {unknown}
 q - a potion of degeneration
 s - a potion of might
 t - 3 potions of brilliance
Comestibles
 c - 9 rations


   Skills:
 + Level 7.9 Fighting
 * Level 11.2 Axes
 - Level 2.4 Dodging
 - Level 1.5 Stealth
 + Level 4.1 Invocations


You had 7 spell levels left.
You didn't know any spells.

Dungeon Overview and Level Annotations

Branches:
Dungeon (7/15)             Temple (0/1) D:7

Altars:
Gozag
Kikubaaqudgha
Trog
The Shining One

Annotations:
D:5 Grinder
D:6 exclusion: oklob plant


Message History

* * * LOW HITPOINT WARNING * * *
You barely miss the orc warrior.
The orc warrior is lightly wounded.
You hit the orc knight but do no damage.
A kobold opens the gate.
The orc warrior hits you with a war axe!
* * * LOW HITPOINT WARNING * * *
The kobold shouts!
You hit the orc warrior.
The orc warrior is lightly wounded.
You closely miss the orc knight.
You hear a shout!
The orc knight roars a battlecry!
The orc warrior goes into a battle-frenzy!
You closely miss the orc warrior.
The orc warrior is lightly wounded.
You hit the orc knight but do no damage.
The orc warrior hits you with a war axe!!
You die...
Beogh appreciates the orc warrior's killing of a heretic priest.

###≈≈.......≈≈#
'.'≈≈..(....≈≈K
###≈≈.......≈≈#
##≈.......≈##
####K''####
##.†...##
#∩$...$∩#
#...8†..#
##.♣o..##
###o### ..#
.... .....
....... .......
.......


You could see an orc knight, an orc warrior and a kobold.

Vanquished Creatures
  A steam dragon (D:7)
  An orc warrior (Bailey)
  An ice beast (D:5)
  2 ogres
  A phantom (D:6)
  A centaur (D:6)
  The ghost of janNiko the Magician, an amateur DsWz of Ru (D:4)
  A scorpion (D:4)
  A bullfrog zombie (D:5)
  3 jellies
  5 hounds
  An orc wizard (D:6)
  An iguana (D:6)
  2 worker ants
  A hound zombie (D:6)
  9 adders
  A howler monkey skeleton (D:6)
  A shadow imp (D:6)
  13 oozes
  4 worms
  A dart slug (D:2)
  3 leopard geckos
  10 orcs
  8 bats
  3 giant cockroaches
  4 hobgoblins
  10 jackals
  2 quokkas (D:2)
  5 frilled lizards
  12 goblins
  9 kobolds
  7 rats
125 creatures vanquished.

Vanquished Creatures (collateral kills)
  2 jellies (D:6)
  2 oozes (D:6)
  An orc (D:6)
5 creatures vanquished.

Vanquished Creatures (others)
  An orc wizard (D:6)
  3 orcs
  A rat (D:3)
  9 fungi (D:6)
14 creatures vanquished.

Grand Total: 144 creatures vanquished

Notes
Turn   | Place    | Note
-------+----------+-------------------------------------------
     0 | D:1      | sking99 the Hill Orc Monk began the quest for the Orb.
     0 | D:1      | Reached XP level 1. HP: 19/19 MP: 1/1
   291 | D:1      | Reached XP level 2. HP: 23/27 MP: 2/2
   959 | D:2      | Reached skill level 5 in Axes
   959 | D:2      | Reached XP level 3. HP: 29/33 MP: 3/3
  1015 | D:2      | Found a bloodstained altar of Trog.
  2425 | D:3      | Reached XP level 4. HP: 41/41 MP: 4/4
  2525 | D:3      | Became a worshipper of Beogh the Brigand
  2525 | D:3      | Reached * piety under Beogh
  2525 | D:3      | Reached ** piety under Beogh
  2553 | D:3      | Reached skill level 6 in Axes
  2904 | D:3      | Reached XP level 5. HP: 43/47 MP: 5/5
  3177 | D:4      | Reached skill level 5 in Fighting
  3303 | D:4      | Reached skill level 7 in Axes
  3338 | D:4      | Reached XP level 6. HP: 15/56 MP: 6/6
  3545 | D:4      | Noticed janNiko's ghost (amateur DsWz)
  3561 | D:4      | Killed janNiko's ghost
  3829 | D:4      | Reached skill level 8 in Axes
  4068 | D:4      | Reached XP level 7. HP: 7/63 MP: 7/7
  4464 | D:4      | Found an ancient bone altar of Kikubaaqudgha.
  4587 | D:4      | Found an opulent altar of Gozag.
  4665 | D:5      | Entered Level 5 of the Dungeon
  5027 | D:5      | Reached skill level 9 in Axes
  5054 | D:5      | Found a glowing golden altar of the Shining One.
  5331 | D:5      | Noticed Grinder
  5398 | D:6      | Reached skill level 1 in Invocations
  5611 | D:6      | Reached XP level 8. HP: 71/73 MP: 9/9
  5639 | D:6      | Reached skill level 10 in Axes
  5814 | D:6      | Reached *** piety under Beogh
  6113 | D:6      | Noticed an oklob plant
  6885 | D:7      | Reached skill level 11 in Axes
  6983 | D:7      | Found a flagged portal.
  6995 | Bailey   | Entered a bailey
  7282 | Bailey   | Noticed an orc knight
  7301 | Bailey   | Mangled by an orc warrior

Skill      XL: |  1  2  3  4  5  6  7  8 |
---------------+-------------------------+-----
Fighting       | 4 5 6 7 |  7.9
Axes           | 5 6 7 8 9 11 | 11.2
Invocations    | 1 4 |  4.1
Dodging        | |  2.4
Stealth        | |  1.5

Action                   |  1- 3 |  4- 6 |  7- 9 || total
-------------------------+-------+-------+-------++-------
Melee: Hand axe          |   102 |   200 |   300 ||   602
Throw: Stone             |     5 |       |     7 ||    12
       Throwing net      |       |     2 |     1 ||     3
       Tomahawk          |       |       |     6 ||     6
Invok: Convert to Beogh  |       |     1 |       ||     1
       Smiting           |       |       |     4 ||     4
  Use: Potion            |       |     1 |     1 ||     2
       Scroll            |       |       |    15 ||    15
 Stab: Sleeping          |     2 |       |       ||     2
       Held in net/web   |       |     1 |     1 ||     2
       Confused          |       |       |     1 ||     1
  Eat: Chunk             |     3 |     4 |     8 ||    15
       Ration            |     1 |       |     1 ||     2
Armor: Robe              |    12 |       |       ||    12
       Chain mail        |     9 |   132 |   159 ||   300
       Leather armour    |     1 |       |       ||     1
       Skin              |       |     1 |     1 ||     2
Dodge: Dodged            |    61 |    74 |    99 ||   234
